 Dungeon Crawl Stone Soup version 0.31-a0-188-g5e087ee2ca (webtiles) character file.

Game seed: 3572580588934709285

142 qw the Skirmisher (level 5, 0/29 HPs)
             Began as a Deep Elf Hunter on June 22, 2023.
             Slain by Pikel
             ... wielding a +2 whip of flaming
              (4 damage)
             ... on level 4 of the Dungeon.
             The game lasted 00:01:00 (2436 turns).

qw the Skirmisher (Deep Elf Hunter)                 Turns: 2436, Time: 00:01:01

Health: 0/29       AC: 11    Str: 13    XL:     5   Next: 3%
Magic:  7/7        EV: 10    Int: 16    God:
Gold:   81         SH:  0    Dex: 19    Spells: 4/4 levels left

rFire   . . .        g - +6 orcbow "Biupery" {speed, Str+3 Dex+3}
rCold   . . .        (shield currently unavailable)
rNeg    . . .        h - +0 scale mail
rPois   +            d - +2 helmet
rElec   +            (no cloak)
rCorr   .            j - +1 pair of gloves "Idas" {rElec SInv}
SInv    +            (no boots)
Will    +....        a - amulet of Qiwn {RegenMP rPois Will+ Int+2 Dex-2}
Stlth   +            (no ring)
HPRegen 0.24/turn    (no ring)
MPRegen 0.50/turn

%: no passive effects
@: no status effects
A: no striking features
a: no special abilities


You were on level 4 of the Dungeon.
You visited 1 branch of the dungeon, and saw 4 of its levels.

You collected 81 gold pieces.


   Skills:
 - Level 1.5 Fighting
 - Level 8.4 Ranged Weapons
 + Level 0.0 Armour
 - Level 2.4 Dodging
 - Level 1.2 Stealth


You had 4 spell levels left.
You didn't know any spells.
Your spell library was empty.

Inventory:

Hand Weapons
 g - the +6 orcbow "Biupery" (weapon) {speed, Str+3 Dex+3}
   (You acquired it on level 3 of the Dungeon)

   Str:       It affects your strength (+3).
   Dex:       It affects your dexterity (+3).
Armour
 d - a +2 helmet (worn)
 h - a +0 scale mail (worn)
 j - the +1 pair of gloves "Idas" (worn) {rElec SInv}
   (You found it on level 3 of the Dungeon)

   rElec:     It insulates you from electricity.
   SInv:      It lets you see invisible.
Jewellery
 a - the amulet of Qiwn (around neck) {RegenMP rPois Will+ Int+2 Dex-2}
   (You found it on level 3 of the Dungeon)

   [amulet of magic regeneration]

   It increases your rate of magic regeneration.
   Int:       It affects your intelligence (+2).
   Dex:       It affects your dexterity (-2).
   rPois:     It protects you from poison.
   Will:      It increases your willpower.
Potions
 c - a potion of brilliance {unknown}
 e - a potion of invisibility {unknown}
 f - 2 potions of curing

Dungeon Overview and Level Annotations

Branches:
Dungeon (4/15)
 Temple: D:4-7

Altars:
Kikubaaqudgha
Sif Muna
Vehumet

Shops:
D:1 [

Annotations:
D:4 Pikel


Message History

The arrow hits the lemure but does no damage.
The lemure hits you but does no damage. Pikel hits you but does no damage.
You shoot an arrow. The arrow hits the lemure!
The lemure is moderately wounded.
The lemure hits you but does no damage.
Pikel hits you with a +2 whip of flaming.
Pikel burns you.
You shoot an arrow. The arrow hits the lemure.
The lemure is heavily wounded.
Pikel hits you but does no damage.
You shoot an arrow. The arrow hits the lemure!
You kill the lemure!
That felt strangely unrewarding.
The lemure hits you but does no damage.
Pikel hits you with a +2 whip of flaming.
Pikel burns you.
You shoot an arrow. The arrow barely misses the lemure.
The lemure barely misses you. Pikel waves his whip at you.
Pikel barely misses you.
You shoot an arrow. The arrow hits the lemure!
The lemure is heavily wounded.
The lemure hits you but does no damage. Pikel closely misses you.
You shoot an arrow. The arrow hits the lemure!
You kill the lemure!
That felt strangely unrewarding.
Pikel hits you with a +2 whip of flaming.
Pikel burns you.
You shoot an arrow. The arrow hits Pikel.
Pikel is lightly wounded.
Pikel barely misses you.
You shoot an arrow. The arrow closely misses Pikel.
Pikel barely misses you.
You shoot an arrow. The arrow hits Pikel.
Pikel is moderately wounded.
You shoot an arrow. The arrow hits Pikel!
Pikel is severely wounded.
Pikel hits you with a +2 whip of flaming!
Pikel burns you.
You die...

######
#....# #
#....#.# .
#....#.#..
#........
#.....#.#
#.......#
#<@K...#
####>..#
...$# ...#
... .# .


You could see Pikel.

Vanquished Creatures
  4 lemures (D:4)
  An orc wizard (D:3)
  3 adders
  4 worms
  3 dart slugs
  7 orcs (D:3)
  6 endoplasms
  A giant cockroach (D:1)
  7 goblins
  5 hobgoblins
  3 jackals (D:1)
  7 kobolds
  2 quokkas
  3 ball pythons
  7 bats
  2 frilled lizards (D:1)
  3 rats
68 creatures vanquished.

Notes
Turn   | Place    | Note
-------+----------+-------------------------------------------
     0 | D:1      | qw the Deep Elf Hunter began the quest for the Orb.
     0 | D:1      | Reached XP level 1. HP: 12/12 MP: 3/3
     0 | D:1      | 0 ||| qw: Version: 0.3-a-9-g12657ce
     0 | D:1      | 0 ||| qw: Game counter: 2864
     0 | D:1      | 0 ||| qw: Always use a shield: true
     0 | D:1      | 0 ||| qw: God list: Okawaru
     0 | D:1      | 0 ||| qw: Allow faded altars: false
     0 | D:1      | 0 ||| qw: Do Orc after D:15 true
     0 | D:1      | 0 ||| qw: Do second Lair branch before Depths: true
     0 | D:1      | 0 ||| qw: Lair rune preference: random
     0 | D:1      | 0 ||| qw: Plans: Normal
     0 | D:1      | 0 ||| PLANNING D:1-11
   284 | D:1      | Reached skill level 6 in Ranged Weapons
   284 | D:1      | Reached XP level 2. HP: 15/16 MP: 4/4
   433 | D:1      | 433 ||| UPGRADING to +2 helmet.
   531 | D:1      | 531 ||| DRINKING 2 golden potions.
   600 | D:1      | Found Viamoi Cogue's Antique Armour Boutique.
   607 | D:1      | 607 ||| SHOPLISTING ring mail (104 gold, have 14).
   607 | D:1      | 607 ||| SHOPLISTING runed ice dragon scales (1638 gold,
                  | have 14).
   607 | D:1      | 607 ||| SHOPLISTING runed scale mail (182 gold, have 14).
   607 | D:1      | 607 ||| SHOPLISTING smoking leather armour (182 gold, have
                  | 14).
   890 | D:1      | 890 ||| UPGRADING to +0 scale mail.
   900 | D:1      | 900 ||| DROPPING +0 leather armour.
   902 | D:1      | 902 ||| READING scroll labelled ZEHYILL KUBE.
   903 | D:1      | 903 ||| DROPPING scroll of butterflies.
   954 | D:2      | Reached XP level 3. HP: 20/20 MP: 5/5
  1117 | D:2      | Reached skill level 7 in Ranged Weapons
  1806 | D:2      | 1806 ||| DROPPING +1 helmet.
  1807 | D:2      | 1807 ||| DROPPING +6 ring of intelligence.
  1808 | D:2      | 1808 ||| READING scroll labelled LOAMUTI BYCLUI.
  1813 | D:2      | 1813 ||| DRINKING 2 amethyst potions.
  1843 | D:3      | 1843 ||| FLEEEEING.
  1846 | D:3      | 1846 ||| FLEEEEING.
  1847 | D:3      | 1847 ||| FLEEEEING.
  1850 | D:3      | 1850 ||| FLEEEEING.
  1852 | D:3      | 1852 ||| FLEEEEING.
  1853 | D:3      | 1853 ||| FLEEEEING.
  1854 | D:3      | 1854 ||| STAIRDANCE
  1861 | D:2      | 1861 ||| READING scroll labelled MOAPLO WUOLUA.
  1879 | D:3      | Reached XP level 4. HP: 25/25 MP: 6/6
  1975 | D:3      | Reached skill level 8 in Ranged Weapons
  1996 | D:3      | Identified the amulet of Qiwn {RegenMP rPois Will+ Int+2
                  | Dex-2}
  2042 | D:3      | 2042 ||| FLEEEEING.
  2043 | D:3      | 2043 ||| FLEEEEING.
  2046 | D:3      | 2046 ||| FLEEEEING.
  2047 | D:3      | 2047 ||| FLEEEEING.
  2048 | D:3      | 2048 ||| FLEEEEING.
  2049 | D:3      | 2049 ||| FLEEEEING.
  2050 | D:3      | 2050 ||| FLEEEEING.
  2051 | D:3      | 2051 ||| FLEEEEING.
  2052 | D:3      | 2052 ||| FLEEEEING.
  2053 | D:3      | 2053 ||| FLEEEEING.
  2054 | D:3      | 2054 ||| FLEEEEING.
  2186 | D:3      | Identified the +1 pair of gloves "Idas" {rElec SInv}
  2222 | D:3      | Reached XP level 5. HP: 29/29 MP: 7/7
  2276 | D:3      | Found a radiant altar of Vehumet.
  2279 | D:3      | Found an ancient bone altar of Kikubaaqudgha.
  2280 | D:3      | Found a shimmering blue altar of Sif Muna.
  2362 | D:3      | 2362 ||| UPGRADING to +1 pair of gloves "Idas" {rElec
                  | SInv}.
  2367 | D:3      | 2367 ||| UPGRADING to amulet of Qiwn {RegenMP rPois Will+
                  | Int+2 Dex-2}.
  2372 | D:3      | 2372 ||| READING scroll labelled ORE CUYDYEJIO.
  2372 | D:3      | Identified a scroll of acquirement
  2372 | D:3      | 2372 ||| ACQUIRING +6 orcbow "Biupery" {speed, Str+3 Dex+3}
  2372 | D:3      | Acquired the +6 orcbow "Biupery" {speed, Str+3 Dex+3}
  2374 | D:3      | 2374 ||| SWAPPING to +6 orcbow "Biupery" {speed, Str+3
                  | Dex+3}.
  2375 | D:3      | 2375 ||| DROPPING +1 shortbow.
  2376 | D:3      | 2376 ||| READING scroll labelled BEYNAI SORUSUP.
  2413 | D:4      | Noticed Pikel
  2413 | D:4      | Noticed a lemure
  2413 | D:4      | Noticed a lemure
  2413 | D:4      | Noticed a lemure
  2413 | D:4      | Noticed a lemure
  2417 | D:4      | Killed a lemure
  2424 | D:4      | Killed a lemure
  2424 | D:4      | HP: 7/29 [Pikel/+2 whip of flaming (1)]
  2425 | D:4      | 2425 ||| DRINKING potion of heal wounds.
  2429 | D:4      | Killed a lemure
  2432 | D:4      | Killed a lemure
  2436 | D:4      | HP: 4/29 [Pikel/+2 whip of flaming (10)]
  2436 | D:4      | Slain by Pikel

Levels and vault maps discovered:
D:1:      onia_arrival_mini_maze, layout_loops_corners, serial_shops, shop,
          serial_bayou, serial_bayou_ford_a, serial_bayou_shore_b,
          serial_bayou_pond_e, serial_bayou_shore_a, serial_bayou_shore_b
D:2:      layout_basic
D:3:      layout_rooms, grunt_temple_overflow_magic_moments,
          minmay_close_crescents
D:4:      layout_rooms, kennysheep_decorative_pillar, uniq_blork_the_orc,
          uniq_pikel

Skill      XL: |  1  2  3  4 |
---------------+-------------+-----
Ranged Weapons | 6 7 8 |  8.4
Fighting       | |  1.5
Dodging        | |  2.4
Stealth        | |  1.2

Action                     |  1- 3 |  4- 6 || total
---------------------------+-------+-------++-------
   Fire: Shortbow          |   114 |    71 ||   185
         Orcbow            |       |    22 ||    22
    Use: Scroll            |     3 |     2 ||     5
         Potion            |     2 |     1 ||     3
 Armour: Leather armour    |     2 |       ||     2
         Scale mail        |    22 |    35 ||    57
  Dodge: Dodged            |    25 |    16 ||    41

Table legend:
 A = Non-vault XP
 B = Vault XP
 C = Vault XP percentage of total XP
 D = Non-vault monster count
 E = Vault monster count
 F = Vault count percentage of total count
                 A         B        C        D         E       F
            +---------+---------+-------+---------+---------+-------
      Total |     193 |      10 |   4.9 |      60 |       4 |   6.2
            +---------+---------+-------+---------+---------+-------
        D:1 |      36 |       1 |   2.7 |      20 |       1 |   4.8
        D:2 |      50 |       0 |   0.0 |      13 |       0 |   0.0
        D:3 |     107 |       9 |   7.8 |      27 |       3 |  10.0
            +---------+---------+-------+---------+---------+-------
